[Event "Team 45 45 League T68"]
[Site "Internet Chess Club"]
[Date "2016.04.07"]
[Round "5"]
[White "chessfunblast"]
[Black "jonesey"]
[Result "1/2-1/2"]
[WhiteElo "1901"]
[BlackElo "1998"]
[Opening "Ruy Lopez: Marshall, main line, 12.d2d4"]
[ECO "C89"]
[Time "22:01:15"]
[TimeControl "2700+45"]

1. e4 e5 2. Nf3 Nc6 3. Bb5 a6 4. Ba4 Nf6 5. O-O b5 6. Bb3 Be7 7. Re1 O-O 8. c3
d5 9. exd5 Nxd5 10. Nxe5 Nxe5 11. Rxe5 c6 12. d4 Bd6 13. Re2 Bg4 14. f3 Bd7 15.
Bxd5 cxd5 16. Nd2 Qh4 17. Nf1 Rfe8 18. Be3 Qh5 19. Qd2 Re6 20. Rae1 Rg6 21. Bf4
Bf8 22. Ng3 Qh4 23. Re5 Bd6 24. Bg5 Rxg5 25. Qxg5 Qxg5 26. Rxg5 Be6 27. Nf5 Bf4
28. Rg4 Bd2 29. Rxe6 fxe6 30. Nxg7 Kf7 31. Nh5 Rg8 32. Rxg8 Kxg8 33. Ng3 Bc1 34.
b3 b4 35. cxb4 Be3+ 36. Kf1 Bxd4 37. a4 Kf7 38. Ke2 Bc3 39. b5 axb5 40. axb5 Ke7
41. Kd3 Be5 42. Nf1 Kd6 43. b4 Kc7 44. g3 Bd6 45. Kd4 Bxb4 46. f4 Bf8 47. Ke5
Kd7 48. f5 Bd6+ 49. Kd4 exf5 50. Kxd5 f4 51. gxf4 Bxf4 52. Kc5 Kc7 53. Ng3 Kb7
54. Nf1 Kc7 {Game drawn by mutual agreement} 1/2-1/2

[Event "Team 45 45 League T68"]
[Site "Internet Chess Club"]
[Date "2016.04.06"]
[Round "5"]
[White "Agarnez"]
[Black "f5"]
[Result "0-1"]
[WhiteElo "1928"]
[BlackElo "2090"]
[Opening "Dutch with c4 & Nc3"]
[ECO "A85"]
[Time "23:00:38"]
[TimeControl "2700+45"]

1. d4 f5 2. c4 Nf6 3. Nc3 g6 4. g3 Bg7 5. Bg2 d6 6. d5 O-O 7. Nh3 Nbd7 8. O-O
Ne5 9. b3 Bd7 10. Bb2 c5 11. Nf4 Rb8 12. Nd3 Nfg4 13. h3 Nxd3 14. exd3 Nf6 15.
Ne2 Nh5 16. Bxg7 Nxg7 17. Qd2 e5 18. dxe6 Nxe6 19. Bd5 Kg7 20. Bxe6 Bxe6 21. Nf4
Bf7 22. Rae1 Qf6 23. Qa5 g5 24. Nd5 Bxd5 25. cxd5 Qf7 26. Re6 Qd7 27. Rfe1 Rf7
28. Qxa7 Qd8 29. Qa3 b5 30. Qb2+ Kg8 31. Qe2 Qf8 32. Qh5 Qg7 33. Rxd6 Rbf8 34.
Rde6 g4 35. R1e5 gxh3 36. Qxh3 f4 37. g4 f3 38. Qh4 Kh8 39. Re7 Rg8 40. Rxf7
Qxf7 41. d6 Qf4 42. Re4 Qxd6 43. Qe7 Rxg4+ {White resigns} 0-1

[Event "Team 45 45 League T68"]
[Site "Internet Chess Club"]
[Date "2016.04.15"]
[Round "5"]
[White "frontier"]
[Black "SlowFox"]
[Result "0-1"]
[WhiteElo "1899"]
[BlackElo "2004"]
[Opening "English: ultra-symmetrical variation"]
[ECO "A36"]
[Time "15:03:44"]
[TimeControl "2700+45"]

1. c4 c5 2. Nc3 g6 3. g3 Bg7 4. Bg2 Nc6 5. d3 d6 6. e4 Rb8 7. Nge2 a6 8. O-O b5
9. f4 Bd7 10. h3 Nf6 11. g4 O-O 12. Ng3 Ne8 13. Rb1 Nc7 14. Be3 bxc4 15. dxc4
Bxc3 16. bxc3 Rxb1 17. Qxb1 Na5 18. f5 Nxc4 19. Bh6 Re8 20. Qb3 Ne5 21. Bf4 Bb5
22. Rd1 c4 23. Qc2 Nd3 24. Be3 Qd7 25. Rf1 Rb8 26. Bd4 Ba4 27. Qd2 Nb5 28. fxg6
hxg6 29. Nf5 Nxd4 30. cxd4 Qa7 31. Nh6+ Kf8 32. Rxf7+ Ke8 33. Qe3 Rb1+ 34. Kh2
c3 35. Qxd3 c2 36. Rf8+ Kxf8 37. Qc4 e6 38. Qc8+ Kg7 39. g5 Qb8 40. Qxe6 Qf8
{White resigns} 0-1

[Event "Team 45 45 League T68"]
[Site "Internet Chess Club"]
[Date "2016.04.08"]
[Round "5"]
[White "Pomberito"]
[Black "PoisonPawn"]
[Result "1-0"]
[WhiteElo "2102"]
[BlackElo "2119"]
[Opening "Sicilian, Szén, hedgehog variation"]
[ECO "B44"]
[Time "18:45:38"]
[TimeControl "2700+45"]

1. Nf3 c5 2. e4 e6 3. d4 cxd4 4. Nxd4 Nc6 5. Nb5 d6 6. c4 Nf6 7. N1c3 a6 8. Na3
Be7 9. Be2 O-O 10. O-O b6 11. Be3 Qc7 12. Rc1 Ne5 13. f4 Ned7 14. Bf3 Bb7 15.
Qe2 Rfe8 16. g4 h6 17. h4 Rad8 18. g5 hxg5 19. hxg5 Nh7 20. Qg2 g6 21. Kf2 Bf8
22. Rh1 Bg7 23. Rh4 Ndf8 24. Rch1 f6 25. Qh3 Bh8 26. gxf6 Bxf6 27. Rg4 Rd7 28.
Rhg1 Rg7 29. Qh6 Bc6 30. Nab1 b5 31. cxb5 axb5 32. a3 Qb7 33. Nd2 Ree7 34. Qh1
Rc7 35. e5 dxe5 36. Bxc6 Rxc6 37. Nde4 exf4 38. Rxf4 Be5 39. Rfg4 Rcc7 40. Ke2
Qc6 41. Qg2 Qc4+ 42. Ke1 Qd3 43. Bh6 Rgd7 44. Rxg6+ Nxg6 45. Qxg6+ Bg7 46. Qe8+
Nf8 47. Nf6+ {Black resigns} 1-0

[Event "Team 45 45 League T68"]
[Site "Internet Chess Club"]
[Date "2016.04.09"]
[Round "5"]
[White "LazyPeon"]
[Black "zepled37"]
[Result "0-1"]
[WhiteElo "1704"]
[BlackElo "1743"]
[Opening "Neo-Grünfeld, 5.cd"]
[ECO "D71"]
[Time "14:14:11"]
[TimeControl "2700+45"]

1. d4 Nf6 2. c4 g6 3. g3 Bg7 4. Bg2 d5 5. cxd5 Nxd5 6. Nf3 Nb6 7. O-O Nc6 8. e3
O-O 9. Nbd2 e5 10. dxe5 Nxe5 11. Nxe5 Bxe5 12. Qc2 c6 13. Rd1 Qe7 14. Nf3 Bg4
15. h3 Bxf3 16. Bxf3 Qf6 17. Bg2 Rad8 18. Rb1 Rxd1+ 19. Qxd1 Rd8 20. Qc2 Qd6 21.
Bf3 Qe6 22. Kg2 Qxa2 23. Bd2 Rxd2 24. Qxd2 Qxb1 25. Qd8+ Kg7 26. Qe7 Qxb2 27. h4
Nd5 28. Qg5 Bf6 {White resigns} 0-1

[Event "Team 45 45 League T68"]
[Site "Internet Chess Club"]
[Date "2016.04.10"]
[Round "5"]
[White "justice02"]
[Black "Zugzwanged"]
[Result "1/2-1/2"]
[WhiteElo "1637"]
[BlackElo "1638"]
[Opening "Catalan: open, 5.Nf3"]
[ECO "E04"]
[Time "10:01:38"]
[TimeControl "2700+45"]

1. Nf3 Nf6 2. c4 e6 3. g3 d5 4. d4 dxc4 5. Bg2 Nc6 6. O-O Rb8 7. Nc3 Bb4 8. Bg5
O-O 9. Rc1 h6 10. Bxf6 Qxf6 11. Ne4 Qf5 12. Ned2 b5 13. Nh4 Qg5 14. Nxc4 bxc4
15. Bxc6 Ba6 16. Qc2 Rfd8 17. Rfd1 Qf6 18. e3 Rb6 19. Bg2 Qg5 20. Nf3 Qa5 21. a3
Bd6 22. Ne5 Bxe5 23. dxe5 Rxd1+ 24. Rxd1 Rb8 25. Qe4 Qb6 26. Rd7 Qxb2 27. Rxc7
Qa1+ 28. Bf1 c3 29. Qg2 Rb1 30. Qa8+ Kh7 31. Qe4+ Kg8 32. Qa8+ Kh7 33. Qe4+ Kg8
34. Qa8+ Kh7 {Game drawn by repetition} 1/2-1/2

[Event "Team 45 45 League T68"]
[Site "Internet Chess Club"]
[Date "2016.04.10"]
[Round "5"]
[White "pokerram"]
[Black "Grenadier"]
[Result "1-0"]
[WhiteElo "1656"]
[BlackElo "1617"]
[Opening "Caro-Kann: Steinitz variation"]
[ECO "B17"]
[Time "15:00:30"]
[TimeControl "2700+45"]

1. e4 c6 2. d4 d5 3. Nc3 dxe4 4. Nxe4 Nd7 5. Ng5 Ngf6 6. Bd3 e6 7. Qe2 Bd6 8.
N1f3 Qe7 9. O-O h6 10. Ne4 Nxe4 11. Qxe4 Nf6 12. Qe2 b5 13. Ne5 Bb7 14. c4 a6
15. f4 O-O 16. c5 Bxe5 17. fxe5 Nd5 18. Qg4 Kh8 19. Qe4 g6 20. Bxh6 Rg8 21. Rf3
f5 22. exf6 Nxf6 23. Qh4 Raf8 24. Bxf8+ {Black resigns} 1-0

[Event "Team 45 45 League T68"]
[Site "Internet Chess Club"]
[Date "2016.04.10"]
[Round "5"]
[White "GoIrish"]
[Black "bayoumicardio10"]
[Result "0-1"]
[WhiteElo "1530"]
[BlackElo "1614"]
[Opening "Réti: King's Indian attack"]
[ECO "A05"]
[Time "15:00:31"]
[TimeControl "2700+45"]

1. Nf3 Nf6 2. g3 g6 3. Bg2 Bg7 4. O-O O-O 5. d3 d6 6. e4 e5 7. a4 Nc6 8. a5 Nd7
9. Nc3 f5 10. Ng5 Nf6 11. exf5 gxf5 12. f4 Nd4 13. Nf3 Nxf3+ 14. Bxf3 a6 15. Nd5
Rb8 16. Nxf6+ Bxf6 17. Bd5+ Kh8 18. Bb3 e4 19. dxe4 fxe4 20. c3 c6 21. Qh5 Qe7
22. Be3 Qg7 23. Rf2 Bg4 {White resigns} 0-1

[Event "Team 45 45 League T68"]
[Site "Internet Chess Club"]
[Date "2016.04.09"]
[Round "5"]
[White "Scorpius"]
[Black "AH2012"]
[Result "0-1"]
[WhiteElo "1383"]
[BlackElo "1704"]
[Opening "Grünfeld: 5.Bg5"]
[ECO "D91"]
[Time "15:10:20"]
[TimeControl "2700+45"]

1. d4 Nf6 2. c4 g6 3. Nc3 d5 4. Nf3 Bg7 5. Bg5 Ne4 6. cxd5 Nxc3 7. bxc3 Qxd5 8.
e3 Bg4 9. Qa4+ c6 10. Bc4 Qf5 11. Qb4 Qd7 12. Ne5 Bxe5 13. dxe5 b5 14. f3 a5 15.
Qxe7+ Qxe7 16. Bxe7 Kxe7 17. Bxf7 Bxf3 18. O-O Kxf7 19. Rxf3+ Ke7 20. Rf6 Rf8
21. Rd6 Ra7 22. Rad1 Rd7 23. Rxd7+ Nxd7 24. Rd6 Nxe5 {White resigns} 0-1

[Event "Team 45 45 League T68"]
[Site "Internet Chess Club"]
[Date "2016.04.06"]
[Round "5"]
[White "burnsy"]
[Black "Mitochondria"]
[Result "1-0"]
[WhiteElo "1647"]
[BlackElo "1511"]
[Opening "Réti opening"]
[ECO "A04"]
[Time "21:02:19"]
[TimeControl "2700+45"]

1. Nf3 g6 2. e4 Bg7 3. Bc4 e6 4. O-O d5 5. exd5 exd5 6. Re1+ Ne7 7. Bf1 O-O 8.
d4 Re8 9. Bg5 Bg4 10. c3 Nd7 11. Nbd2 c6 12. h3 Be6 13. Nh2 Qb6 14. Qc1 h6 15.
Bf4 Nf8 16. Nb3 h5 17. Nf3 Bf5 18. Qd2 Qd8 19. Nh4 Bc8 20. Nf3 Ne6 21. Bh6 Bxh6
22. Qxh6 Nf5 23. Qd2 b6 24. Bd3 Nfg7 25. Ne5 Qc7 26. Qh6 Nf8 27. Nd2 Bf5 28.
Bxf5 Nxf5 29. Qf4 Ne6 30. Qf3 Re7 31. g4 Nfg7 32. gxh5 Nxh5 33. h4 Rae8 34. Kh1
Nef4 35. Rg1 Kh7 36. Nf1 Rg8 37. Ng3 f6 38. Nxh5 Nxh5 39. Nxg6 Rxg6 40. Qxh5+
Rh6 41. Qf5+ Kh8 42. Rg4 Reh7 43. Kg2 Qd8 44. Rh1 Rh5 45. Qf4 f5 46. Qe5+ {Black
resigns} 1-0

[Event "Team 45 45 League T68"]
[Site "Internet Chess Club"]
[Date "2016.04.11"]
[Round "5"]
[White "zorori"]
[Black "anishio"]
[Result "0-1"]
[WhiteElo "1546"]
[BlackElo "1780"]
[Opening "Ruy Lopez: 5.O-O"]
[ECO "C78"]
[Time "12:30:17"]
[TimeControl "2700+45"]

1. e4 e5 2. Nf3 Nc6 3. Bb5 a6 4. Ba4 Nf6 5. O-O b5 6. Bb3 Bc5 7. a4 Bb7 8. c3 d6
9. d4 Bb6 10. Bg5 h6 11. Bh4 g5 12. Bg3 Qe7 13. Re1 Rg8 14. h3 h5 15. d5 Nb8 16.
a5 Ba7 17. Nfd2 h4 18. Bh2 g4 19. hxg4 Nxg4 20. Rf1 Qg5 21. Nf3 Qh6 22. Qd2 Ne3
23. Nxh4 Qxh4 24. fxe3 Qxe4 25. Re1 Nd7 26. Qf2 Bxd5 27. Nd2 Qxg2+ 28. Qxg2
Rxg2+ 29. Kf1 Rxd2 30. Bxd5 Rxd5 31. Re2 Nf6 32. Kg2 Ng4 33. Bg1 Rd3 34. Kf3 f5
35. Rae1 O-O-O 36. Kg2 Rg8 37. Kf1 e4 38. Bf2 Nh2# {White checkmated} 0-1

[Event "Team 45 45 League T68"]
[Site "Internet Chess Club"]
[Date "2016.04.07"]
[Round "5"]
[White "tuantuan"]
[Black "joaoazm"]
[Result "1-0"]
[WhiteElo "1492"]
[BlackElo "1055"]
[Opening "Owen defense"]
[ECO "B00"]
[Time "20:00:27"]
[TimeControl "2700+45"]

1. e4 b6 2. d4 Bb7 3. Nc3 g6 4. Nf3 Bg7 5. Bc4 e6 6. O-O Nf6 7. Bg5 h6 8. Bxf6
Bxf6 9. d5 Bxc3 10. bxc3 O-O 11. Re1 f6 12. dxe6 Qe7 13. e5 f5 14. exd7+ Kg7 15.
e6 Nc6 16. Ne5 Nxe5 17. Rxe5 a6 18. Qd4 Kh7 19. Bd5 c5 20. Qd3 Bxd5 21. Qxd5
Rab8 22. Rd1 a5 23. Qd6 Qg5 24. e7 Rf6 25. e8=Q Rxd6 26. Qf7+ Kh8 27. Re8+ Rxe8
28. dxe8=Q# {Black checkmated} 1-0

[Event "Team 45 45 League T68"]
[Site "Internet Chess Club"]
[Date "2016.04.11"]
[Round "5"]
[White "Packerfan"]
[Black "Goli"]
[Result "1-0"]
[WhiteElo "1816"]
[BlackElo "1711"]
[Opening "King's Indian: 6.Be2"]
[ECO "E91"]
[Time "16:00:27"]
[TimeControl "2700+45"]

1. e4 g6 2. d4 Bg7 3. c4 d6 4. Nf3 Nf6 5. Nc3 O-O 6. Be2 Bg4 7. O-O Nc6 8. h3
Bxf3 9. Bxf3 e5 10. d5 Nd4 11. Be3 Nxf3+ 12. Qxf3 h6 13. Qe2 Nd7 14. Qd2 Kh7 15.
b4 f5 16. f3 a6 17. a4 fxe4 18. Nxe4 Nf6 19. a5 Nxe4 20. fxe4 Qh4 21. Qc2 Rxf1+
22. Rxf1 Rf8 23. Rxf8 Bxf8 24. Bf2 Qf4 25. b5 h5 26. b6 cxb6 27. Bxb6 Qf7 28.
Qf2 Kg7 29. Qxf7+ Kxf7 30. Kf2 Ke7 31. c5 Kd7 32. cxd6 Bxd6 33. Kg3 Be7 34. Kf3
Bd6 35. Ke3 Bb4 36. Kd3 Bd6 37. Kc4 Be7 38. Bc5 Bd8 39. Bb4 b5+ 40. axb6 Bxb6
41. Bc5 Bc7 42. Kb4 Bd8 43. Ka4 Bc7 44. Bb4 Bb6 45. Ba5 Bc5 46. Bc3 Bd4 47. Bxd4
exd4 48. e5 a5 49. Kb3 Kc7 50. Kc4 Kb6 51. e6 {Black resigns} 1-0

[Event "Team 45 45 League T68"]
[Site "Internet Chess Club"]
[Date "2016.04.08"]
[Round "5"]
[White "Egmont"]
[Black "Lrn2Mate"]
[Result "1-0"]
[WhiteElo "1746"]
[BlackElo "1613"]
[Opening "Colle system"]
[ECO "D05"]
[Time "06:30:08"]
[TimeControl "2700+45"]

1. d4 d5 2. Nf3 Nf6 3. e3 e6 4. Bd3 c5 5. c3 Nc6 6. Nbd2 Bd6 7. O-O O-O 8. Qe2
Qc7 9. e4 cxd4 10. cxd4 dxe4 11. Nxe4 Be7 12. Be3 Ng4 13. Rac1 Qd7 14. Bf4 Nxd4
15. Nxd4 Qxd4 16. Rc4 Qd7 17. Rc7 Qd8 18. Rxe7 Qxe7 19. Bd6 Qh4 20. h3 Nf6 21.
Bxf8 Kxf8 22. Nd6 Qd4 23. Nc4 Bd7 24. Ne5 Rd8 25. Nf3 Bc6 26. Nxd4 {Black
resigns} 1-0

[Event "Team 45 45 League T68"]
[Site "Internet Chess Club"]
[Date "2016.04.11"]
[Round "5"]
[White "clarinetref"]
[Black "HappySong"]
[Result "1/2-1/2"]
[WhiteElo "1631"]
[BlackElo "1492"]
[Opening "QGD Slav: 4.e3 Bf5"]
[ECO "D12"]
[Time "20:07:49"]
[TimeControl "2700+45"]

1. d4 d5 2. Nf3 Nf6 3. e3 Bf5 4. c4 c6 5. Nc3 e6 6. a3 Nbd7 7. Bd2 Be7 8. cxd5
exd5 9. Be2 O-O 10. Nh4 Be4 11. Nxe4 Nxe4 12. Nf3 Qc7 13. Rc1 Bd6 14. Bb4 Bxb4+
15. axb4 Qd6 16. Qb3 Rae8 17. b5 c5 18. dxc5 Ndxc5 19. Qa3 b6 20. b4 Ne6 21. Rc6
Qe7 22. O-O Rc8 {Game drawn by mutual agreement} 1/2-1/2

[Event "Team 45 45 League T68"]
[Site "Internet Chess Club"]
[Date "2016.04.07"]
[Round "5"]
[White "tightfist"]
[Black "tryanything"]
[Result "1-0"]
[WhiteElo "1628"]
[BlackElo "1560"]
[Opening "English opening"]
[ECO "A30"]
[Time "21:19:30"]
[TimeControl "2700+45"]

1. Nf3 Nf6 2. c4 c5 3. Nc3 g6 4. e3 Bg7 5. d4 cxd4 6. exd4 d5 7. Qb3 dxc4 8.
Bxc4 O-O 9. O-O Nc6 10. Qd1 Bf5 11. Be3 Ne4 12. Bd3 Nxc3 13. bxc3 Bxd3 14. Qxd3
Ne5 15. Nxe5 Bxe5 16. Qb5 Bg7 17. Qxb7 Qd6 18. Qb4 Qd7 19. a4 Rab8 20. Qa3 Rfc8
21. Rab1 Rb7 22. Rb4 a5 23. Rb3 e6 24. Rfb1 Rxb3 25. Qxb3 h5 26. g3 Qc7 27. Rc1
Qc4 28. Qb5 Bf8 29. Qxa5 Ba3 30. Rb1 Qxc3 31. Qxc3 Rxc3 32. a5 Rc8 33. a6 Ra8
34. Rb6 Kg7 35. Kg2 Be7 36. Rb7 Bd8 37. a7 Bb6 38. Rxb6 Rxa7 39. Rd6 Rb7 40. h4
Rb8 41. Kf3 Rc8 42. Kf4 Re8 43. Ke4 Re7 44. Kf4 Re8 45. Rd7 Rc8 46. Ke5 Rc6 47.
Bg5 Rc8 48. Bf6+ Kf8 49. Rd8+ Rxd8 50. Bxd8 {Black resigns} 1-0

[Event "Team 45 45 League T68"]
[Site "Internet Chess Club"]
[Date "2016.04.10"]
[Round "5"]
[White "kaiclc"]
[Black "zap2"]
[Result "1/2-1/2"]
[WhiteElo "1276"]
[BlackElo "1771"]
[Opening "Pirc defense"]
[ECO "B07"]
[Time "09:24:37"]
[TimeControl "2700+45"]

1. e4 d6 2. d4 Nf6 3. Nc3 e5 4. dxe5 dxe5 5. Qxd8+ Kxd8 6. Bg5 c6 7. O-O-O+ Ke7
8. Nf3 Nd7 9. Bc4 h6 10. Bxf6+ Kxf6 11. Rd2 Nc5 12. Rhd1 Be7 13. h4 Be6 14. Bxe6
Nxe6 15. h5 Rad8 16. g4 Rxd2 17. Rxd2 Rd8 18. Rd5 cxd5 19. exd5 g5 20. Ne4+ Kg7
21. dxe6 f6 22. Ng3 Re8 23. Nf5+ Kh7 24. Nd2 Bf8 25. e7 Bxe7 26. Ne4 {Game drawn
by mutual agreement} 1/2-1/2

[Event "Team 45 45 League T68"]
[Site "Internet Chess Club"]
[Date "2016.04.06"]
[Round "5"]
[White "bradleyguo175"]
[Black "Portola"]
[Result "0-1"]
[WhiteElo "1666"]
[BlackElo "1768"]
[Opening "QGD: 4.Nf3"]
[ECO "D37"]
[Time "19:01:04"]
[TimeControl "2700+45"]

1. d4 d5 2. c4 e6 3. Nc3 Nf6 4. Nf3 Be7 5. e3 O-O 6. Bd3 b6 7. cxd5 exd5 8. O-O
Bg4 9. h3 Bh5 10. Bd2 Nbd7 11. Bb5 Nb8 12. Rc1 a6 13. Be2 c5 14. Na4 Nbd7 15.
Nc3 Bg6 16. Nh4 Be4 17. Nxe4 Nxe4 18. Nf5 Ndf6 19. Nxe7+ Qxe7 20. Bc3 c4 21. Qa4
Nxc3 22. bxc3 b5 23. Qb4 Qd7 24. Bf3 g5 25. Qc5 Rfc8 26. Qb6 Rc6 27. Qa5 g4 28.
hxg4 Nxg4 29. a4 Qf5 30. axb5 Rh6 31. Rfd1 Qh5 32. Kf1 Qf5 33. bxa6 Nh2+ 34. Ke2
Nxf3 35. gxf3 Rh3 36. Rg1+ Kh8 37. f4 Qd3+ 38. Ke1 Rxe3+ 39. fxe3 Qxe3+ 40. Kd1
Qxg1+ 41. Kc2 Qf2+ 42. Kd1 Qf3+ 43. Kc2 Qe2+ 44. Kb1 Rb8+ 45. Qb4 Qd3+ 46. Rc2
Qd1+ 47. Kb2 Rxb4+ 48. cxb4 Qxd4+ 49. Rc3 Qb6 {White resigns} 0-1

[Event "Team 45 45 League T68"]
[Site "Internet Chess Club"]
[Date "2016.04.08"]
[Round "5"]
[White "nealbruce"]
[Black "drsigmund1"]
[Result "1-0"]
[WhiteElo "1610"]
[BlackElo "1492"]
[Opening "French: Tarrasch, closed variation"]
[ECO "C05"]
[Time "21:04:05"]
[TimeControl "2700+45"]

1. e4 e6 2. d4 d5 3. Nd2 Nf6 4. e5 Nfd7 5. Bd3 c5 6. c3 Nc6 7. Ndf3 Qb6 8. Ne2
a5 9. O-O a4 10. Qc2 cxd4 11. Nexd4 Ndxe5 12. Nxe5 Nxe5 13. Re1 Nxd3 14. Qxd3
Be7 15. Qg3 Bf6 16. Be3 Qxb2 17. Reb1 Qxc3 18. Nb5 Qe5 19. Bf4 Qf5 20. Nc7+ Kd7
21. Nxa8 Bxa1 22. Rxa1 Ke7 23. Bd6+ Kd8 24. Nb6 g6 {Black resigns} 1-0

[Event "Team 45 45 League T68"]
[Site "Internet Chess Club"]
[Date "2016.04.08"]
[Round "5"]
[White "MartyJR"]
[Black "mongmong"]
[Result "0-1"]
[WhiteElo "1403"]
[BlackElo "1550"]
[Opening "Queen's pawn"]
[ECO "A40"]
[Time "20:00:34"]
[TimeControl "2700+45"]

1. d4 e6 2. Bf4 f5 3. e3 Nf6 4. Nf3 b6 5. Bd3 Ba6 6. Bxa6 Nxa6 7. c3 Be7 8. h3
O-O 9. Nbd2 d5 10. Qa4 Nb8 11. Ne5 Bd6 12. Ndf3 Qe8 13. Qd1 Nfd7 14. O-O Nxe5
15. dxe5 Be7 16. Nd4 Qd7 17. Qe2 c6 18. Rfd1 Bc5 19. Nf3 Qe8 20. c4 Be7 21. cxd5
cxd5 22. Rdc1 Nc6 23. Nd4 Nxd4 24. exd4 Qd7 25. Rc2 Rac8 26. Rac1 Qb7 27. Qd2 a6
28. Qd3 Rfe8 29. Qb3 b5 30. a3 Rc4 31. Rxc4 dxc4 32. Qg3 Rc8 33. Bg5 Bf8 34. Bd2
Qd7 35. Bc3 Qd5 36. Qg5 Qd7 37. h4 Qf7 38. Qf4 Be7 39. g3 Qh5 40. Bd2 h6 41. Kg2
Rd8 42. Be3 Qe8 43. Qf3 Qd7 44. Qh5 Qe8 45. Qf3 Qd7 46. Qh5 Bf8 47. Qg6 Qf7 48.
Qxf7+ Kxf7 49. Kf3 Rc8 50. Bd2 h5 51. Kf4 g6 52. Kf3 Ke8 53. Bc3 Kd7 54. Rd1 Kc6
55. Ke2 Kd5 56. f3 Ra8 57. Kd2 a5 58. Kc2 b4 59. axb4 axb4 60. Bd2 b3+ 61. Kb1
Be7 62. Bf4 Rg8 63. Bg5 Bxg5 64. hxg5 Rh8 65. f4 Rc8 66. Rd2 c3 67. bxc3 Rxc3
68. Rg2 Kxd4 69. Rd2+ Rd3 70. Rg2 Ke4 71. Kb2 Kf3 72. Rg1 Kg4 73. Rc1 Rxg3 74.
Rc6 Kxf4 75. Rxe6 Re3 76. Rxg6 Kxe5 77. Rh6 Rh3 78. g6 Kf6 79. Kb1 Kg7 80. Rh7+
Kxg6 81. Rd7 Kg5 82. Rg7+ Kf4 83. Rg1 Rg3 84. Rh1 Kg4 {White resigns} 0-1

[Event "Team 45 45 League T68"]
[Site "Internet Chess Club"]
[Date "2016.04.10"]
[Round "5"]
[White "kabindra"]
[Black "viktory"]
[Result "1-0"]
[WhiteElo "1747"]
[BlackElo "1659"]
[Opening "Sicilian: Smith-Morra gambit"]
[ECO "B21"]
[Time "12:30:28"]
[TimeControl "2700+45"]

1. e4 c5 2. d4 cxd4 3. c3 dxc3 4. Nxc3 d6 5. Bc4 e6 6. Nf3 Nf6 7. O-O Nc6 8. Bf4
e5 9. Ng5 Be6 10. Bxe6 fxe6 11. Nxe6 Qd7 12. Nxf8 Rxf8 13. Bg5 O-O-O 14. Nd5 h6
15. Nxf6 gxf6 16. Bxh6 Rh8 17. Be3 Qh7 18. Qg4+ Kb8 19. h3 Rdg8 20. Qf3 Qxh3 21.
Qxh3 Rxh3 22. a3 Rh4 23. f3 Na5 24. Rac1 b5 25. a4 Nc4 26. Bf2 Rh7 27. axb5 Rgh8
28. Bxa7+ Kxa7 29. Rxc4 Rb8 30. Ra4+ Kb6 31. Ra6+ Kxb5 32. Rxd6 Rf7 33. Rc1 Kb4
34. Rcc6 f5 35. Rb6+ Rxb6 36. Rxb6+ Kc5 37. Re6 Kd4 38. exf5 Rxf5 39. Kf2 Rh5
40. Re8 Kc4 41. Rc8+ Kb3 42. Rb8+ Kc4 43. b4 Kd5 44. Ke3 Rh2 45. g4 {Black
resigns} 1-0

[Event "Team 45 45 League T68"]
[Site "Internet Chess Club"]
[Date "2016.04.07"]
[Round "5"]
[White "bluesun"]
[Black "pcvan"]
[Result "0-1"]
[WhiteElo "1502"]
[BlackElo "1442"]
[Opening "Sicilian: Najdorf"]
[ECO "B90"]
[Time "15:45:40"]
[TimeControl "2700+45"]

1. e4 c5 2. Nf3 d6 3. d4 cxd4 4. Nxd4 a6 5. Nc3 Nf6 6. f3 e5 7. Nb3 Be6 8. Be3
d5 9. Bg5 d4 10. Ne2 Be7 11. Qd2 O-O 12. O-O-O Nbd7 13. g4 Nc5 14. Nxc5 Bxc5 15.
h4 Rc8 16. h5 Bxa2 17. b3 Ba3# {White checkmated} 0-1

[Event "Team 45 45 League T68"]
[Site "Internet Chess Club"]
[Date "2016.04.07"]
[Round "5"]
[White "olivermx"]
[Black "EFXBT"]
[Result "0-1"]
[WhiteElo "1309"]
[BlackElo "1562"]
[Opening "Sicilian defense"]
[ECO "B20"]
[Time "18:02:05"]
[TimeControl "2700+45"]

1. e4 c5 2. Bc4 Nf6 3. d3 e6 4. Nf3 d5 5. Bb5+ Nc6 6. exd5 exd5 7. O-O Be7 8.
Re1 O-O 9. Nc3 Bd6 10. Ne2 Bg4 11. Ng3 Nd4 12. c4 Bxf3 13. gxf3 Qa5 14. Bd2 Qxd2
15. Qxd2 Nxf3+ 16. Kg2 Nxd2 17. Rad1 a6 18. Ba4 Bf4 19. cxd5 Nxd5 20. Nf1 Nxf1
21. Rxf1 Be5 22. Rfe1 Bxb2 23. Rb1 b5 24. Bxb5 axb5 25. Kg1 Bd4 26. Rxb5 Rxa2
27. Rf1 Nb4 28. Kg2 Nxd3 29. Rfb1 Rxf2+ 30. Kg3 Re8 31. Kg4 Re4+ 32. Kg3 Be5+
{White resigns} 0-1

[Event "Team 45 45 League T68"]
[Site "Internet Chess Club"]
[Date "2016.04.07"]
[Round "5"]
[White "JJ12"]
[Black "DarthDaver"]
[Result "1/2-1/2"]
[WhiteElo "2108"]
[BlackElo "2039"]
[Opening "French: Tarrasch"]
[ECO "C03"]
[Time "17:00:36"]
[TimeControl "2700+45"]

1. e4 e6 2. d4 d5 3. Nd2 Be7 4. Ngf3 Nf6 5. Bd3 c5 6. exd5 exd5 7. dxc5 Bxc5 8.
O-O O-O 9. Nb3 Bb6 10. Bg5 Nc6 11. c3 Bg4 12. h3 Bh5 13. g4 Bg6 14. Re1 Qd6 15.
Kg2 h5 16. Bxf6 hxg4 17. hxg4 Qxf6 18. Bxg6 Qxg6 19. Ne5 Qf6 20. Nd3 Rad8 21.
Qf3 Qxf3+ 22. Kxf3 f6 23. Kg3 d4 24. Rad1 dxc3 25. bxc3 Rfe8 26. Rxe8+ Rxe8 27.
c4 {Game drawn by mutual agreement} 1/2-1/2

[Event "Team 45 45 League T68"]
[Site "Internet Chess Club"]
[Date "2016.04.10"]
[Round "5"]
[White "TheRailgun"]
[Black "LarsenB"]
[Result "1-0"]
[WhiteElo "1877"]
[BlackElo "1859"]
[Opening "French: Winawer, advance, Russian variation"]
[ECO "C17"]
[Time "09:10:33"]
[TimeControl "2700+45"]

1. e4 e6 2. d4 d5 3. Nc3 Bb4 4. e5 c5 5. Qg4 Ne7 6. dxc5 Bxc3+ 7. bxc3 O-O 8.
Bd3 Nd7 9. Nf3 f5 10. exf6 Nxf6 11. Qh4 Nc6 12. Bg5 Qe7 13. Bxh7+ Kf7 14. Bxf6
Qxf6 15. Ng5+ Ke7 16. O-O Bd7 17. Rab1 Rab8 18. Rfe1 Ne5 19. Qg3 Nc4 20. Rbd1
{Black resigns} 1-0

[Event "Team 45 45 League T68"]
[Site "Internet Chess Club"]
[Date "2016.04.10"]
[Round "5"]
[White "passedpawn"]
[Black "goodFriday"]
[Result "1/2-1/2"]
[WhiteElo "1807"]
[BlackElo "1837"]
[Opening "King's Indian: London system"]
[ECO "A48"]
[Time "20:00:55"]
[TimeControl "2700+45"]

1. d4 Nf6 2. Nf3 g6 3. Bf4 Bg7 4. e3 d6 5. h3 O-O 6. Be2 c5 7. c3 Nh5 8. Bh2 f5
9. dxc5 dxc5 10. Qxd8 Rxd8 11. Ng5 Nf6 12. Bc4+ Nd5 13. O-O h6 14. Nf3 Nc6 15.
Rd1 e6 16. Na3 a6 17. Rd2 b5 18. Bxd5 exd5 19. Rad1 Be6 20. Nb1 Rd7 21. b3 Rad8
22. Kf1 d4 23. cxd4 cxd4 24. exd4 Nxd4 25. Nxd4 Rxd4 26. Rxd4 Rxd4 27. Rxd4 Bxd4
28. Ke2 Bd5 29. f3 g5 30. Kd3 Bc5 31. Be5 g4 32. hxg4 fxg4 33. fxg4 Bxg2 34. Nd2
Be7 35. Ne4 Bf3 36. Nf2 Bg5 37. Ne4 Bxg4 38. Nxg5 hxg5 39. a4 Bd1 40. axb5 axb5
41. b4 Kf7 42. Ke3 Ke6 43. Bd4 Kd5 44. Bc5 Ke5 45. Kf2 Kf4 46. Kg1 Kg3 47. Bd6+
Kh3 48. Bc5 g4 49. Bd6 g3 50. Bc5 g2 51. Bd6 Be2 52. Bc5 Bf1 53. Bd6 Kg4 54. Bc5
Kf3 55. Bd6 Ke2 56. Bc5 Kd3 57. Bd6 Kc4 58. Bc5 Kd5 59. Bf8 {Game drawn by
mutual agreement} 1/2-1/2